 Dungeon Crawl Stone Soup version 0.20.1-1-g8b1a95d66d (webtiles) character file.

9139 Jannitor the Nimble (level 11, -3/56 HPs)
             Began as a Deep Elf Chaos Knight on Jan 1, 2018.
             Slain by a sixfirhy (8 damage)
             ... summoned by Xom
             ... on level 1 of the Lair of Beasts.
             The game lasted 00:47:16 (14160 turns).

Jannitor the Nimble (Deep Elf Chaos Knight)        Turns: 14160, Time: 00:47:16

Health: -3/56      AC: 11    Str:  6 (9)  XL:     11   Next: 19%
Magic:  20/20      EV: 19    Int: 18 (20) God:    Xom [......]
Gold:   562        SH:  0    Dex: 19 (20) Spells: 10/18 levels left

rFire    . . .     SeeInvis .   b - +1 shortbow (flame)
rCold    . . .     Gourm    +   (shield currently unavailable)
rNeg     + + .     Faith    .   v - +2 leather armour
rPois    .         Spirit   .   h - +1 helmet
rElec    .         Reflect  .   (no cloak)
rCorr    .         Harm     .   B - +2 pair of gloves {Dex+3}
MR       +....                  (no boots)
Stlth    +++.......             D - amulet of Qixosedd {Gourm rN++}
Regen    0.2/turn               m - ring of stealth
MPRegen  0.2/turn               (no ring)

@: no status effects
A: claws 1, iridescent scales 1, rugged brown scales 1, thin skeletal structure
1, blink, blurry vision 1, deformed body, frail 2, high mp 1
a: Blink, Renounce Religion


You were on level 1 of the Lair of Beasts.
You worshipped Xom.
You were a very special plaything of Xom.
You were not hungry.

You visited 2 branches of the dungeon, and saw 11 of its levels.

You collected 562 gold pieces.

Inventory:

Hand Weapons
 a - a +2 short sword of electrocution
 b - a +1 shortbow of flaming (weapon)
 u - a +0 hunting sling
 G - a +0 short sword of chaos
 L - the +12 war axe of Mandamus {flame, Int+4 Dex+3}
   (You found it on level 10 of the Dungeon)

   It has been specially enchanted to burn those struck by it, causing extra
   injury to most foes and up to half again as much damage against particularly
   susceptible opponents.
   Big, fiery blades are also staple armaments of hydra-hunters.
   It affects your intelligence (+4).
   It affects your dexterity (+3).
Missiles
 d - 362 stones
 e - 79 arrows (quivered)
Armour
 h - a +1 helmet (worn)
 v - a +2 leather armour (worn)
 B - a +2 pair of gloves of dexterity (worn)
Jewellery
 m - a ring of stealth (left hand)
 n - an uncursed ring of flight
 y - a +4 amulet of reflection {unknown}
 D - the amulet of Qixosedd (around neck) {Gourm rN++}
   (You found it on level 6 of the Dungeon)

   [amulet of the gourmand]

   It allows you to eat raw meat even when not hungry.
   It greatly protects you from negative energy.
 F - an uncursed ring of ice
Wands
 p - a wand of polymorph (4/24)
 q - a wand of acid (0/15)
 r - a wand of lightning (1/15)
 x - a wand of paralysis (12/24)
Scrolls
 f - 7 scrolls of identify
 w - a scroll of enchant armour
 C - 3 scrolls of fog
 H - a scroll of remove curse
Potions
 l - a potion of flight
 s - 2 potions of brilliance
Books
 i - a book of Misfortune

   Spells                             Type                      Level
   a - Confusing Touch                Hexes                        1
   b - Confuse                        Hexes                        3
   c - Gell's Gravitas                Translocation                3
   d - Petrify                        Transmutation/Earth          4
   e - Metabolic Englaciation         Hexes/Ice                    5
   f - Yara's Violent Unravelling     Hexes/Transmutation          5
 j - a book of Air

   Spells                             Type                      Level
   a - Shock                          Conjuration/Air              1
   b - Swiftness                      Charms/Air                   2
   c - Static Discharge               Conjuration/Air              3
   d - Airstrike                      Air                          4
   e - Lightning Bolt                 Conjuration/Air              5
 E - a book of Party Tricks

   Spells                             Type                      Level
   a - Summon Butterflies             Summoning                    1
   b - Apportation                    Translocation                1
   c - Lesser Beckoning               Translocation                3
   d - Tukima's Dance                 Hexes                        3
   e - Alistair's Intoxication        Transmutation/Poison         5
   f - Invisibility                   Hexes                        6
Miscellaneous
 o - a lightning rod (inert)
 t - a phial of floods
 J - a sack of spiders
Comestibles
 c - 6 bread rations
 g - 3 meat rations
 k - 10 fruits
 A - 15 royal jellies


   Skills:
 + Level 7.7 Fighting
 - Level 6.7 Short Blades
 + Level 7.2 Bows
 - Level 0.7 Armour
 + Level 10.5 Dodging
 - Level 4.1 Spellcasting
 - Level 5.6 Hexes
 + Level 0.2 Summonings
 - Level 7.3 Evocations


You had 10 spell levels left.
You knew the following spells:

 Your Spells              Type           Power        Failure   Level  Hunger
a - Metabolic Englaciati  Hex/Ice        ##........   89%         5    ######.
b - Confusing Touch       Hex            ###...       2%          1    None
c - Apportation           Tloc           #.....       22%         1    None
d - Summon Butterflies    Summ           #.......     21%         1    None


Dungeon Overview and Level Annotations

Branches:
Dungeon (10/15)            Temple (0/1) D:7            Lair (1/6) D:10
    Orc (0/2) D:10

Altars:
Xom


Innate Abilities, Weirdness & Mutations

You have sharp fingernails.
You are partially covered in iridescent scales. (AC +2)
You are partially covered in rugged brown scales. (AC +1, +3% HP)
You have a somewhat thin skeletal structure. (Dex +2, Stealth)
You can translocate small distances at will.
Scrolls take you a little longer to read.
Armour fits poorly on your strangely shaped body.
You are very frail. (-20% HP)
You have an increased reservoir of magic. (+10% MP)


Message History

You release spores at the yak.
The yak appears confused.
The yak is moderately wounded.
Unknown command.
You closely miss the sixfirhy.
The yak gores the iron imp!
You release spores at the sixfirhy.
The sixfirhy is lightly wounded.
The yak completely misses you.
Unknown command.
You barely miss the sixfirhy.
The sixfirhy is lightly wounded.
You stop sporulating.
Your +1 shortbow of flaming unmelds from your body.
Your +1 helmet unmelds from your body.
Your +2 pair of gloves of dexterity unmelds from your body.
Your +2 leather armour unmelds from your body.
Your +1 shortbow of flaming bursts into flame!
You feel agile. The sixfirhy hits you!
You die...
Xom giggles madly!

..........## ......#..###
.###.###...### ......#..##
............# ......#...##
............# ...........#
#...........###............#
P..#######.YY.........#.#.##
##..# #Y55.........#.### #
...# #Y3###.......#.# ..
#..# ##@.# #.### #.## ...
#..### #.## # #..##
...###...P# #.# #...#
..........# #.# #...##
...>......######.# #....#
...#...#.........# #...##
....#..#####.###.#####
##.#...#.
..>.#..####...........
..........
.........#............
..........


You could see 4 yaks, a sixfirhy, an iron imp and a shadow imp.

Vanquished Creatures
  A two-headed ogre (D:8)
  The ghost of Voga the Thaumaturge, a novice HuGl of Sif Muna (D:9)
  Pikel (D:4)
  An oklob plant (D:10)
  2 hornets
  Prince Ribbit (D:7)
  A troll (D:9)
  2 hippogriffs
  A wyvern (D:8)
  A yak (Lair:1)
  A steam dragon (D:8)
  Edmund (D:4)
  3 water moccasins (Lair:1)
  5 orc warriors
  3 sky beasts
  2 ice beasts
  A necrophage (D:6)
  3 phantoms
  3 centaurs
  5 ogres
  Blork the orc (D:6)
  A big kobold (D:9)
  5 bullfrogs
  A scorpion (D:7)
  5 killer bees
  2 water moccasin skeletons (D:4)
  4 howler monkeys (D:8)
  An electric eel (D:8)
  2 bullfrog zombies
  3 crimson imps
  2 quasits
  2 jellies
  A bullfrog skeleton (D:8)
  2 centaur skeletons
  2 hounds
  A gnoll shaman (D:5)
  4 orc priests
  13 orc wizards
  Jessica (D:2)
  8 iguanas
  Natasha (twice) (D:2)
  9 worker ants
  Ijyb (D:3)
  2 killer bee zombies
  A hound zombie (D:8)
  Robin (D:2)
  10 gnolls
  7 adders
  2 shadow imps
  An ooze (D:4)
  A worm (D:2)
  A worm (shapeshifter) (D:8)
  A dart slug (D:3)
  6 leopard geckos
  An orc (shapeshifter) (D:5)
  37 orcs
  8 bats
  4 giant cockroaches
  12 goblins
  9 hobgoblins
  4 jackals (D:8)
  5 quokkas
  2 ball pythons (D:3)
  10 frilled lizards
  A jackal skeleton (D:4)
  17 kobolds
  A quokka zombie (D:8)
  9 rats
  A plant (D:10)
266 creatures vanquished.

Vanquished Creatures (collateral kills)
  A phantom (D:7)
  An ogre (D:7)
2 creatures vanquished.

Vanquished Creatures (others)
  2 slaves (D:4)
  A bullfrog (D:10)
  3 killer bees (D:10)
  An orc (D:4)
7 creatures vanquished.

Grand Total: 275 creatures vanquished

Notes
Turn   | Place    | Note
-------+----------+-------------------------------------------
     0 | D:1      | Jannitor the Deep Elf Chaos Knight began the quest for the Orb.
     0 | D:1      | Reached XP level 1. HP: 13/13 MP: 3/3
   241 | D:1      | XOM: harmless Chrm miscast
   242 | D:1      | Reached XP level 2. HP: 18/18 MP: 4/4
   431 | D:1      | Reached skill level 3 in Dodging
   598 | D:1      | XOM is BORED!
   598 | D:1      | XOM: summons 1 hostile shadow creature
   654 | D:1      | XOM: harmless Erth miscast
   818 | D:2      | Reached XP level 3. HP: 22/22 MP: 5/5
   837 | D:2      | Noticed Robin
   856 | D:2      | Killed Robin
  1049 | D:2      | Noticed Jessica
  1056 | D:2      | Killed Jessica
  1056 | D:2      | Reached XP level 4. HP: 28/28 MP: 6/6
  1259 | D:2      | Reached skill level 4 in Dodging
  1343 | D:2      | Noticed Natasha
  1343 | D:2      | XOM: cast spell 'Leda's Liquefaction'
  1359 | D:1      | XOM: noise
  1471 | D:2      | Killed Natasha
  1836 | D:2      | Noticed Natasha
  1844 | D:2      | Killed Natasha
  1844 | D:2      | Reached XP level 5. HP: 18/32 MP: 7/7
  1923 | D:2      | XOM: harmless Necr miscast
  2112 | D:3      | Found a faded altar of an unknown god.
  2173 | D:3      | Noticed Ijyb
  2195 | D:3      | Killed Ijyb
  2282 | D:3      | XOM: harmless Fire miscast
  2497 | D:3      | XOM: mild Chrm miscast
  2539 | D:3      | XOM: silly message
  3044 | D:3      | Reached skill level 5 in Dodging
  3188 | D:4      | Reached skill level 1 in Evocations
  3188 | D:4      | Reached XP level 6. HP: 36/37 MP: 8/8
  3362 | D:4      | Noticed a slave
  3364 | D:4      | Noticed Pikel
  3392 | D:4      | Noticed a slave
  3400 | D:4      | Killed Pikel
  3400 | D:4      | Reached skill level 5 in Short Blades
  3400 | D:4      | Reached skill level 6 in Dodging
  3400 | D:4      | Reached XP level 7. HP: 44/44 MP: 9/11
  3418 | D:4      | Reached XP level 8. HP: 37/48 MP: 12/12
  3525 | D:4      | XOM: harmless Ice miscast
  3673 | D:4      | Noticed Edmund
  3688 | D:4      | Killed Edmund
  3840 | D:4      | Reached skill level 7 in Dodging
  4204 | D:4      | XOM: give mutations
  4204 | D:4      | Gained mutation: You can translocate small distances at will. [Xom's grace]
  4204 | D:4      | Gained mutation: Your system is resistant to poisons. (rPois) [Xom's grace]
  4287 | D:5      | Entered Level 5 of the Dungeon
  4506 | D:5      | Reached skill level 5 in Fighting
  4507 | D:5      | XOM: cloud trail
  4734 | D:5      | Reached skill level 1 in Bows
  4921 | D:5      | XOM: scenery: create altars
  4998 | D:5      | Got a faintly humming leather armour
  5009 | D:5      | Identified the +0 leather armour of Insatiable Hunger {-Tele Dex+2 Stlth+} (You found it on level 5 of the Dungeon)
  5257 | D:5      | XOM: god gift: 18 arrows
  5322 | D:5      | Reached skill level 5 in Evocations
  5325 | D:5      | Gained mutation: You are partially covered in rugged brown scales. (AC +1, +3% HP) [mutagenic meat]
  5326 | D:5      | Gained mutation: You have a somewhat thin skeletal structure. (Dex +2, Stealth) [mutagenic meat]
  5327 | D:5      | Gained mutation: You are clumsy. (Dex -2) [mutagenic meat]
  5328 | D:5      | Lost mutation: You are clumsy. (Dex -2) [mutagenic meat]
  5329 | D:5      | Gained mutation: You possess an exceptional clarity of mind. [mutagenic meat]
  5790 | D:6      | Reached XP level 9. HP: 39/55 MP: 13/15
  6196 | D:6      | XOM: god gift: dagger {god gift}
  6330 | D:6      | Reached skill level 8 in Dodging
  6333 | D:6      | Gained mutation: Armour fits poorly on your strangely shaped body. [mutagenic meat]
  6334 | D:6      | Gained mutation: You have sharp fingernails. [mutagenic meat]
  6335 | D:6      | Gained mutation: You are weak. (Str -2) [mutagenic meat]
  6336 | D:6      | Lost mutation: You are weak. (Str -2) [mutagenic meat]
  6337 | D:6      | Gained mutation: Your flesh is heat resistant. (rF+) [mutagenic meat]
  6338 | D:6      | Gained mutation: Your body sometimes deteriorates upon taking damage. [mutagenic meat]
  6531 | D:6      | Got a brightly glowing tin amulet
  6538 | D:6      | Learned a level 5 spell: Metabolic Englaciation
  6615 | D:6      | Learned a level 1 spell: Confusing Touch
  6635 | D:6      | Noticed Blork the orc
  6658 | D:6      | Killed Blork the orc
  6691 | D:7      | Found a staircase to the Ecumenical Temple.
  6716 | D:7      | XOM: medium Chrm miscast
  6761 | D:6      | Reached skill level 1 in Hexes
  6822 | D:7      | XOM: cast spell 'Disjunction'
  6943 | D:7      | Noticed Prince Ribbit
  6953 | D:7      | Killed Prince Ribbit
  6975 | D:7      | Learned a level 1 spell: Apportation
  6977 | D:7      | Learned a level 1 spell: Summon Butterflies
  7109 | D:7      | XOM: give mutations
  7109 | D:7      | Gained mutation: You are partially covered in iridescent scales. (AC +2) [Xom's grace]
  7109 | D:7      | Gained mutation: Your muscles are strong. (Str +2) [Xom's grace]
  7109 | D:7      | Gained mutation: You have an increased reservoir of magic. (+10% MP) [Xom's grace]
  7141 | D:7      | XOM: summons 4 friendly demons
  7193 | D:7      | XOM: summons friendly quasit
  7212 | D:7      | XOM: 8-stop teleportation journey
  7295 | D:7      | Found a flagged portal.
  7761 | D:7      | XOM: stat loss: -1 Int (18/20)
  7851 | D:7      | XOM: chaos cloud
  7857 | D:7      | XOM: mild Chrm miscast
  8045 | D:7      | XOM: silly message
  8120 | D:7      | XOM: harmless Conj miscast
  8234 | D:8      | Reached skill level 9 in Dodging
  8290 | D:8      | XOM: destruction
  8295 | D:8      | Noticed a two-headed ogre
  8295 | D:8      | XOM: mild Ice miscast
  8310 | D:8      | XOM: enchant monster (good)
  8322 | D:8      | XOM: fog
  8361 | D:8      | XOM: harmless Ice miscast
  8362 | D:8      | XOM: enchant monster (bad)
  8401 | D:8      | XOM: mild Hex miscast
  8405 | D:8      | XOM: summons friendly ufetubus
  8417 | D:8      | XOM: summons friendly crimson imp
  8422 | D:8      | XOM: summons 3 friendly demons
  8430 | D:8      | XOM: enchant monster (good)
  8443 | D:8      | Killed a two-headed ogre
  8443 | D:8      | Reached skill level 5 in Bows
  8443 | D:8      | Reached XP level 10. HP: 43/62 MP: 18/18
  8577 | D:8      | XOM: noise
  8749 | D:8      | XOM: cleaving
  8758 | D:8      | XOM: divination: detect items
  8759 | D:8      | XOM: confuse monster(s)
  9000 | D:8      | XOM: scenery: create altars
  9016 | D:8      | XOM: fake destruction
  9044 | D:8      | XOM: 6-stop teleportation journey
  9114 | D:8      | XOM: god gift: pair of glowing gloves {god gift}
  9145 | D:8      | HP: 2/62 [something (6)]
  9172 | D:8      | Lost mutation: Your flesh is heat resistant. (rF+) [mutagenic meat]
  9334 | D:8      | Reached skill level 5 in Hexes
  9562 | D:8      | XOM: give mutations
  9562 | D:8      | Lost mutation: You possess an exceptional clarity of mind. [Xom's mischief]
  9562 | D:8      | Lost mutation: Your body sometimes deteriorates upon taking damage. [Xom's mischief]
  9562 | D:8      | Lost mutation: Your system is resistant to poisons. (rPois) [Xom's mischief]
  9729 | D:8      | XOM: mild Hex miscast
  9756 | D:8      | XOM: scenery: create altars
  9832 | D:8      | Identified the amulet of Qixosedd {Gourm rN++} (You found it on level 6 of the Dungeon)
  9928 | D:8      | XOM: potion effect (berserk rage)
  9932 | D:8      | XOM: potion effect (might)
  9943 | D:8      | XOM: smoke on damage
 10387 | D:9      | XOM: stealth player
 10806 | D:9      | Noticed Voga's ghost (novice HuGl)
 10978 | D:9      | XOM: potion effect (berserk rage)
 11013 | D:9      | Killed Voga's ghost
 11013 | D:9      | Reached skill level 10 in Dodging
 11076 | D:9      | XOM: harmless Summ miscast
 11088 | D:9      | XOM: smoke on damage
 11237 | D:9      | XOM: divination: detect creatures
 11395 | D:10     | Entered Level 10 of the Dungeon
 11588 | D:10     | XOM: potion effect (haste)
 11946 | D:10     | XOM: destruction
 11962 | D:10     | XOM: god gift: 8 royal jellies
 12121 | D:10     | XOM: cloud trail
 12221 | D:10     | Reached XP level 11. HP: 67/69 MP: 20/20
 12221 | D:10     | XOM: destruction
 12281 | D:10     | Noticed an oklob plant
 12462 | D:10     | XOM: scenery: create altars
 12780 | D:10     | XOM: god gift: lightning rod (4/4)
 12883 | D:10     | Found a staircase to the Lair.
 13004 | D:10     | Killed an oklob plant
 13014 | D:10     | Got an encrusted war axe
 13015 | D:10     | Identified the +12 war axe of Mandamus {flame, Int+4 Dex+3} (You found it on level 10 of the Dungeon)
 13162 | D:10     | XOM: give mutations
 13162 | D:10     | Gained mutation: Scrolls take you a little longer to read. [Xom's mischief]
 13162 | D:10     | Lost mutation: Your muscles are strong. (Str +2) [Xom's mischief]
 13162 | D:10     | Gained mutation: You are frail. (-10% HP) [Xom's mischief]
 13162 | D:10     | Gained mutation: You are very frail. (-20% HP) [Xom's mischief]
 13211 | D:10     | XOM: enchant monster (bad)
 13255 | D:10     | XOM: smoke on damage
 13260 | D:10     | XOM: confusion
 13267 | D:10     | HP: 2/55 [orc priest/divine providence (10)]
 13296 | D:10     | XOM: polymorph orc -> gnoll
 13315 | D:9      | XOM: harmless Ice miscast
 13423 | D:9      | XOM: mild Pois miscast
 13601 | D:10     | Found a staircase to the Orcish Mines.
 13876 | Lair:1   | Entered Level 1 of the Lair of Beasts
 14139 | Lair:1   | XOM: summons 5 hostile demons
 14140 | Lair:1   | Noticed a sixfirhy
 14140 | Lair:1   | Noticed a sixfirhy
 14143 | Lair:1   | XOM: medium Tmut miscast
 14160 | Lair:1   | Slain by a sixfirhy

Skill      XL: |  1  2  3  4  5  6  7  8  9 10 11 |
---------------+----------------------------------+-----
Dodging        | 3 4 5 6 7 9 10 | 10.5
Fighting       | 3 4 5 6 7 |  7.7
Short Blades   | 4 5 6 |  6.7
Evocations     | 1 3 5 7 |  7.3
Bows           | 2 5 6 7 |  7.2
Hexes          | 4 5 |  5.6
Spellcasting   | 3 4 |  4.1
Armour         | |  0.7
Summonings     | |  0.2

Action                   |  1- 3 |  4- 6 |  7- 9 | 10-12 || total
-------------------------+-------+-------+-------+-------++-------
Melee: Short sword       |   130 |   166 |   460 |   389 ||  1145
       Unarmed           |       |    17 |     2 |    15 ||    34
       Shortbow          |       |       |       |     3 ||     3
 Fire: Hunting sling     |       |    14 |    33 |       ||    47
       Shortbow          |       |       |   130 |   279 ||   409
Throw: Stone             |    22 |    13 |     4 |     3 ||    42
 Cast: Confusing Touch   |       |       |     1 |       ||     1
 Abil: Blink             |       |       |     1 |       ||     1
Evoke: Wand              |       |     3 |    19 |     7 ||    29
       Lightning rod     |       |       |       |     4 ||     4
  Use: Potion            |     3 |     1 |     8 |     8 ||    20
       Scroll            |       |     3 |     9 |     6 ||    18
 Stab: Petrifying        |     1 |     2 |       |       ||     3
       Invisible         |     6 |       |       |       ||     6
       Sleeping          |     1 |     1 |       |     2 ||     4
       Paralysed         |       |     9 |    23 |     4 ||    36
       Petrified         |       |       |    11 |       ||    11
       Confused          |       |       |       |     7 ||     7
  Eat: Chunk             |       |     8 |    27 |    18 ||    53
       Bread ration      |       |       |       |     1 ||     1
Armor: Leather armour    |    43 |    29 |    90 |   115 ||   277
       Skin              |       |     1 |       |    26 ||    27
Dodge: Dodged            |    82 |   106 |   273 |   482 ||   943
